 Dungeon Crawl Stone Soup version 0.31-a0-263-ge8cad7f256 (webtiles) character file.

Game seed: 5263429622139095326

32 Pooter the Chopper (level 3, -1/49 HPs)
             Began as a Minotaur Berserker on July 13, 2023.
             Was a Follower of Trog.
             Slain by a gnoll
             ... wielding a +0 spear
              (7 damage)
             ... on level 2 of the Dungeon.
             The game lasted 00:03:00 (797 turns).

Pooter the Chopper (Minotaur Berserker)              Turns: 797, Time: 00:03:01

Health: -1/49      AC:  2    Str: 23    XL:     3   Next: 10%
Magic:  2/2        EV: 12    Int:  4    God:    Trog [*.....]
Gold:   62         SH:  0    Dex:  9    Spells: 2/2 levels left

rFire   . . .        d - +0 quarterstaff (heavy)
rCold   . . .        (shield currently unavailable)
rNeg    . . .        b - +0 animal skin
rPois   .            (helmet restricted)
rElec   .            (no cloak)
rCorr   .            (no gloves)
SInv    .            (no boots)
Will    .....        (no amulet) Stlth
                     (no ring)
HPRegen 0.28/turn    (no ring)
MPRegen 0.08/turn

%: no passive effects
@: berserking, very quick
A: horns 2, retaliatory headbutt
a: Renounce Religion, Berserk


You were on level 2 of the Dungeon.
You worshipped Trog.
Trog was aware of your devotion.
You visited 1 branch of the dungeon, and saw 2 of its levels.

You collected 62 gold pieces.

Inventory:

Hand Weapons
 a - a +0 hand axe
 c - a +0 quarterstaff
   (You found it on level 1 of the Dungeon)
 d - a +0 heavy quarterstaff (weapon)
   (You found it on level 1 of the Dungeon)
Missiles
 Q - 32 stones (quivered)
Armour
 b - a +0 animal skin (worn)
Scrolls
 e - a scroll of summoning {unknown}
 g - a scroll of teleportation {unknown}
 i - a scroll of acquirement {unknown}
Potions
 f - a potion of curing {unknown}
 h - a potion of enlightenment {unknown}
 j - a potion of ambrosia {unknown}


   Skills:
 + Level 4.0 Fighting
 + Level 4.1 Axes
 * Level 1.9 Staves
 - Level 1.0 Ranged Weapons
 - Level 2.4 Armour
 - Level 2.1 Dodging


You had 2 spell levels left.
You didn't know any spells.
Your spell library was empty.

Dungeon Overview and Level Annotations

Branches:
Dungeon (2/15) Zot: 11172

Altars:
Yredelemnul


Innate Abilities, Weirdness & Mutations

You have a pair of horns on your head.
You reflexively headbutt those who attack you in melee.


Message History

The goblin barely misses you.
You closely miss the goblin. The goblin barely misses you.
You furiously retaliate!
You headbutt the goblin!
You kill the goblin!
Trog accepts your kill.
Q - 26 stones (gained 1)
Found a basalt altar of Yredelemnul.
Q - 32 stones (gained 6)
Found 8 stones.
Found a stone staircase leading down.
Found a scroll labelled QYOSYN ICADD.
Found 16 gold pieces.
A frilled lizard comes into view.
The frilled lizard hisses angrily.
Found an escape hatch in the ceiling.
A frilled lizard comes into view.
The frilled lizard closely misses you. You furiously retaliate!
You headbutt the frilled lizard!
You kill the frilled lizard!
Trog accepts your kill.
The frilled lizard hisses angrily.
You hear a shout!
A gnoll comes into view. It is wielding a +0 spear.
You see here a scroll labelled QYOSYN ICADD.
A ball python comes into view.
You closely miss the frilled lizard.
The ball python hisses angrily.
The frilled lizard bites you.
The gnoll hits you from afar with a +0 spear!
The frilled lizard barely misses you.
You hit the frilled lizard.
You kill the frilled lizard!
Trog accepts your kill. The gnoll closely misses you.
The gnoll hits you from afar with a +0 spear.
Found 9 gold pieces.
The gnoll hits you with a +0 spear.
You see here a frilled lizard corpse.
You are too injured to fight recklessly!
You are too injured to fight recklessly!
You barely miss the gnoll. The gnoll closely misses you. x2
You barely miss the gnoll. The gnoll hits you with a +0 spear.
* * * LOW HITPOINT WARNING * * *
The gnoll hits you with a +0 spear.
* * * LOW HITPOINT WARNING * * *
Unknown command.
A red film seems to cover your vision as you go berserk!
You feel yourself moving faster!
You feel mighty! The gnoll hits you with a +0 spear!
* * * LOW HITPOINT WARNING * * *
You hit the gnoll. The gnoll hits you with a +0 spear!
You die...

.. .#
..#.##.#####.....
#................ #
#............... ..
.........>..... ..
#...........#
#.####...........# #
.............†...##..#
..............?.@gS#
................##.#
...............$# ..
....._......(...# #$#
..............#.... #
...........#..##...
...........#..# ....
....####...#....#.<.
..............#.#


You could see a gnoll and a ball python.

Vanquished Creatures
  2 ball pythons
  2 bats
  5 endoplasms (D:1)
  A giant cockroach (D:2)
  4 goblins
  3 hobgoblins (D:1)
  2 jackals (D:1)
  2 kobolds (D:1)
  A quokka (D:1)
  3 frilled lizards
  2 rats (D:1)
27 creatures vanquished.

Notes
Turn   | Place    | Note
-------+----------+-------------------------------------------
     0 | D:1      | Pooter the Minotaur Berserker began the quest for the Orb.
     0 | D:1      | Reached XP level 1. HP: 19/19 MP: 0/0
   241 | D:1      | Reached skill level 1 in Ranged Weapons
   241 | D:1      | Reached XP level 2. HP: 27/27 MP: 1/1
   302 | D:1      | Reached skill level 1 in Staves
   750 | D:2      | Reached XP level 3. HP: 33/33 MP: 2/2
   767 | D:2      | Found a basalt altar of Yredelemnul.
   797 | D:2      | Slain by a gnoll

Illustrated notes

Levels and vault maps discovered:
D:1:      lightli_arrival_noodles, layout_loops_ring
D:2:      layout_basic, basic_altar, minmay_heptomino_o4

Skill      XL: |  1  2 |
---------------+-------+-----
Ranged Weapons | 1 |  1.0
Staves         | 1 |  1.9
Axes           | 4 |  4.1
Fighting       | 4 |  4.0
Armour         | |  2.4
Dodging        | |  2.1

Action                     || total
---------------------------++-------
  Melee: Quarterstaff      ||    38
         Hand axe          ||     3
         Headbutt          ||     4
 Invoke: Berserk           ||     1
 Armour: Animal skin       ||     5
  Dodge: Dodged            ||    33

Table legend: (Time is in decaauts)
 A = Elapsed time spent in this place.
 B = Non-inter-level travel time spent in this place.
 C = Inter-level travel time spent in this place.
 D = Time resting spent in this place.
 E = Time spent auto-exploring this place.
 F = Levels seen in this place.
 G = Mean time per level.
                   A        B        C        D        E       F      G
               +--------+--------+--------+--------+--------+-----+--------+
         Total |    826 |    788 |     38 |      0 |    597 |   2 |  413.0 |
       Dungeon |    826 |    788 |     38 |      0 |    597 |   2 |  413.0 |
               +--------+--------+--------+--------+--------+-----+--------+

Top non-repeatable levels by time:
     D:1: 736 daAuts
     D:2: 89 daAuts
